[ PARTIDA AOE2 · #463567253 ]
Team RMVikingos vs Huns
Equipo del jugador · VICT
[ ANÁLISIS DE REPETICIÓN · EXTRAÍDO DE LA PARTIDA GRABADA ]
Feudal
7:36
Castillos
11:10
Imperial
23:26
| APM promedio | 74.2 |
| APM pico | 146 |
| eAPM promedio | 46.1 |
| Aldeanos / militares | 151 / 234 |
Foco
⚔️ 52.9% · 🌾 47.1%
Berserk ×230 · Trade Cart ×22 · Trebuchet (Packed) ×4
Feudal
9:21
Castillos
12:57
Imperial
25:53
| APM promedio | 25.6 |
| APM pico | 61 |
| eAPM promedio | 13.4 |
| Aldeanos / militares | 132 / 42 |
Foco
⚔️ 19.8% · 🌾 80.2%
Janissary ×32 · Hand Cannoneer ×7 · Bombard Cannon ×3
Feudal
6:56
Castillos
10:50
Imperial
23:57
| APM promedio | 40.8 |
| APM pico | 86 |
| eAPM promedio | 20.2 |
| Aldeanos / militares | 178 / 85 |
Foco
⚔️ 28.0% · 🌾 72.0%
Gbeto ×77 · Trade Cart ×30 · Bombard Cannon ×8
Feudal
7:29
Castillos
13:51
Imperial
30:01
| APM promedio | 30.9 |
| APM pico | 67 |
| eAPM promedio | 18.2 |
| Aldeanos / militares | 109 / 171 |
Foco
⚔️ 20.6% · 🌾 79.4%
Tarkan ×98 · Spearman ×34 · Scout Cavalry ×33 · Trade Cart ×10 · Knight ×5 · Petard ×1
Feudal
7:29
Castillos
11:24
Imperial
27:44
| APM promedio | 37.0 |
| APM pico | 78 |
| eAPM promedio | 18.9 |
| Aldeanos / militares | 97 / 99 |
Foco
⚔️ 23.7% · 🌾 76.3%
Eagle Scout ×58 · Plumed Archer ×23 · Spearman ×15 · Monk ×2 · Trebuchet (Packed) ×1
Feudal
7:49
Castillos
11:38
Imperial
29:47
| APM promedio | 26.8 |
| APM pico | 55 |
| eAPM promedio | 22.0 |
| Aldeanos / militares | 152 / 80 |
Foco
⚔️ 27.6% · 🌾 72.4%
Elephant Archer ×55 · Hand Cannoneer ×18 · Trade Cart ×12 · Urumi Swordsman ×3 · Bombard Cannon ×2 · Battle Elephant ×2
Feudal
7:37
Castillos
11:32
Imperial
26:55
| APM promedio | 37.3 |
| APM pico | 65 |
| eAPM promedio | 26.1 |
| Aldeanos / militares | 154 / 203 |
Foco
⚔️ 32.7% · 🌾 67.3%
Knight ×190 · Hand Cannoneer ×6 · Monk ×4 · Leitis ×3
Feudal
7:37
Castillos
11:13
Imperial
31:13
| APM promedio | 29.8 |
| APM pico | 56 |
| eAPM promedio | 20.6 |
| Aldeanos / militares | 157 / 0 |
Foco
⚔️ 21.7% · 🌾 78.3%
Unknown (1949) ×182 · Trade Cart ×91 · Unknown (1944) ×15
Mapa de la partida
Recursos iniciales + cada clic de construcción. Líneas = muros · curvas = relieve. ◆ oro · ⬟ piedra · ● bayas · ✦ reliquia · ◌ hueco del cierre
Tu base· Abierta — flanco sin cerrar
Base de Matzeking· Abierta — flanco sin cerrar
Base de ThedissapointedInvader· Abierta — flanco sin cerrar
Base de XERSVIRUS· Abierta — flanco sin cerrar
Base de jusart92· Abierta — flanco sin cerrar
Base de Bug ee· Abierta — flanco sin cerrar
Base de 我是你大飞哥· Abierta — flanco sin cerrar
Base de SharkAoE· Abierta — flanco sin cerrar
Terreno inicial suavizado · ◌ = hueco del cierre detectado · pasá el cursor para detalles
Inputs por minuto
— Zain - - Matzeking
Build order — Zain
Primeras 150 de 466 acciones detectadas
| 0:01 | Crear | Villager (Male) |
| 0:01 | Crear | Villager (Male) |
| 0:01 | Crear | Villager (Male) |
| 0:06 | Construir | Lumber Camp |
| 0:08 | Construir | Mill |
| 0:11 | Crear | Villager (Male) |
| 0:11 | Crear | Villager (Male) |
| 0:56 | Crear | Villager (Male) |
| 1:18 | Crear | Villager (Male) |
| 1:18 | Crear | Villager (Male) |
| 2:10 | Crear | Villager (Male) |
| 2:40 | Crear | Villager (Male) |
| 2:43 | Crear | Villager (Male) |
| 2:46 | Crear | Villager (Male) |
| 2:46 | Crear | Villager (Male) |
| 3:02 | Crear | Villager (Male) |
| 3:13 | Crear | Villager (Male) |
| 3:50 | Crear | Villager (Male) |
| 3:56 | Construir | Farm |
| 4:00 | Construir | Farm |
| 4:02 | Construir | Farm |
| 4:30 | Construir | Lumber Camp |
| 4:35 | Crear | Villager (Male) |
| 4:59 | Crear | Villager (Male) |
| 5:01 | Construir | Mining Camp |
| 5:06 | Investigar | Feudal Age |
| 5:55 | Construir | Farm |
| 6:01 | Crear | Villager (Male) |
| 6:02 | Crear | Villager (Male) |
| 7:36 | Edad | Edad Feudal |
| 7:37 | Construir | Blacksmith |
| 7:39 | Construir | Market |
| 8:30 | Investigar | Castle Age |
| 8:30 | Investigar | Castle Age |
| 8:30 | Investigar | Castle Age |
| 9:09 | Investigar | Double-Bit Axe |
| 9:09 | Investigar | Double-Bit Axe |
| 9:09 | Investigar | Double-Bit Axe |
| 9:12 | Investigar | Horse Collar |
| 9:12 | Investigar | Horse Collar |
| 10:02 | Crear | Villager (Male) |
| 11:10 | Edad | Edad de los Castillos |
| 11:12 | Construir | Town Center |
| 11:19 | Construir | Town Center |
| 11:27 | Crear | Villager (Male) |
| 11:30 | Investigar | Bow Saw |
| 11:30 | Investigar | Bow Saw |
| 11:50 | Crear | Villager (Male) |
| 12:06 | Crear | Villager (Male) |
| 12:18 | Investigar | Heavy Plow |
| 12:18 | Investigar | Heavy Plow |
| 12:21 | Construir | Farm |
| 12:22 | Crear | Villager (Male) |
| 12:28 | Construir | Farm |
| 12:32 | Crear | Villager (Male) |
| 12:32 | Crear | Villager (Male) |
| 12:32 | Crear | Villager (Male) |
| 12:43 | Crear | Villager (Male) |
| 12:44 | Construir | Farm |
| 12:47 | Crear | Villager (Male) |
| 12:57 | Construir | Farm |
| 13:05 | Crear | Villager (Male) |
| 13:07 | Construir | Farm |
| 13:11 | Construir | Farm |
| 13:16 | Construir | Farm |
| 13:18 | Crear | Villager (Male) |
| 13:18 | Crear | Villager (Male) |
| 13:20 | Construir | Farm |
| 13:23 | Construir | Farm |
| 13:26 | Construir | Farm |
| 13:28 | Construir | Farm |
| 13:30 | Crear | Villager (Male) |
| 13:43 | Construir | Farm |
| 13:45 | Construir | Farm |
| 13:51 | Crear | Villager (Male) |
| 13:51 | Crear | Villager (Male) |
| 13:52 | Crear | Villager (Male) |
| 14:01 | Crear | Villager (Male) |
| 14:02 | Crear | Villager (Male) |
| 14:05 | Construir | Farm |
| 14:08 | Construir | Farm |
| 14:12 | Construir | Farm |
| 14:14 | Construir | Farm |
| 14:16 | Crear | Villager (Male) |
| 14:16 | Crear | Villager (Male) |
| 14:16 | Crear | Villager (Male) |
| 14:18 | Construir | Farm |
| 14:26 | Construir | House |
| 14:27 | Crear | Villager (Male) |
| 14:32 | Crear | Villager (Male) |
| 14:33 | Crear | Villager (Male) |
| 14:45 | Crear | Villager (Male) |
| 14:45 | Crear | Villager (Male) |
| 15:01 | Crear | Villager (Male) |
| 15:01 | Crear | Villager (Male) |
| 15:09 | Construir | Town Center |
| 15:19 | Crear | Villager (Male) |
| 15:19 | Crear | Villager (Male) |
| 15:19 | Crear | Villager (Male) |
| 15:28 | Crear | Villager (Male) |
| 15:28 | Crear | Villager (Male) |
| 15:34 | Crear | Villager (Male) |
| 15:34 | Crear | Villager (Male) |
| 15:35 | Construir | Farm |
| 15:38 | Construir | Farm |
| 15:39 | Construir | Farm |
| 15:53 | Crear | Villager (Male) |
| 15:54 | Crear | Villager (Male) |
| 16:00 | Construir | Farm |
| 16:00 | Construir | Farm |
| 16:01 | Construir | Farm |
| 16:10 | Crear | Villager (Male) |
| 16:11 | Crear | Villager (Male) |
| 16:15 | Crear | Villager (Male) |
| 16:15 | Crear | Villager (Male) |
| 16:17 | Construir | Farm |
| 16:19 | Construir | Farm |
| 16:23 | Crear | Villager (Male) |
| 16:24 | Construir | Farm |
| 16:25 | Construir | Farm |
| 16:25 | Construir | Farm |
| 16:26 | Construir | Farm |
| 16:28 | Construir | Farm |
| 16:33 | Construir | Farm |
| 16:33 | Crear | Villager (Male) |
| 16:34 | Crear | Villager (Male) |
| 16:34 | Crear | Villager (Male) |
| 16:48 | Construir | Lumber Camp |
| 16:53 | Construir | Farm |
| 16:56 | Construir | Farm |
| 16:56 | Crear | Villager (Male) |
| 16:56 | Crear | Villager (Male) |
| 17:09 | Crear | Villager (Male) |
| 17:09 | Crear | Villager (Male) |
| 17:09 | Crear | Villager (Male) |
| 17:11 | Construir | House |
| 17:12 | Construir | House |
| 17:18 | Construir | House |
| 17:19 | Construir | House |
| 17:22 | Investigar | Gold Mining |
| 17:22 | Investigar | Gold Mining |
| 17:28 | Crear | Villager (Male) |
| 17:28 | Crear | Villager (Male) |
| 17:32 | Construir | House |
| 17:32 | Construir | House |
| 17:33 | Construir | House |
| 17:36 | Construir | Farm |
| 17:37 | Construir | Farm |
| 17:39 | Construir | Farm |
| 17:39 | Crear | Villager (Male) |
Build order — Matzeking
Primeras 150 de 290 acciones detectadas
| 1:11 | Crear | Villager (Male) |
| 1:11 | Crear | Villager (Male) |
| 1:12 | Crear | Villager (Male) |
| 1:16 | Construir | Mill |
| 1:38 | Crear | Villager (Male) |
| 2:59 | Crear | Villager (Male) |
| 2:59 | Crear | Villager (Male) |
| 2:59 | Crear | Villager (Male) |
| 3:00 | Crear | Villager (Male) |
| 3:00 | Crear | Villager (Male) |
| 3:36 | Construir | Lumber Camp |
| 3:52 | Crear | Villager (Male) |
| 4:28 | Crear | Villager (Male) |
| 5:03 | Crear | Villager (Male) |
| 5:03 | Crear | Villager (Male) |
| 5:51 | Crear | Villager (Male) |
| 6:21 | Crear | Villager (Male) |
| 6:27 | Construir | Mining Camp |
| 6:46 | Crear | Villager (Male) |
| 6:58 | Investigar | Feudal Age |
| 7:41 | Construir | Farm |
| 7:42 | Construir | Farm |
| 9:20 | Crear | Villager (Male) |
| 9:21 | Edad | Edad Feudal |
| 9:29 | Construir | Market |
| 9:33 | Construir | Blacksmith |
| 9:47 | Crear | Villager (Male) |
| 10:17 | Investigar | Castle Age |
| 10:17 | Investigar | Castle Age |
| 10:27 | Construir | Farm |
| 10:30 | Investigar | Double-Bit Axe |
| 10:49 | Investigar | Horse Collar |
| 11:54 | Construir | Farm |
| 11:55 | Construir | Farm |
| 12:54 | Crear | Villager (Male) |
| 12:57 | Edad | Edad de los Castillos |
| 13:08 | Construir | Town Center |
| 13:13 | Crear | Villager (Male) |
| 13:43 | Construir | Town Center |
| 13:48 | Crear | Villager (Male) |
| 14:06 | Crear | Villager (Male) |
| 14:10 | Construir | Farm |
| 14:28 | Crear | Villager (Male) |
| 14:29 | Crear | Villager (Male) |
| 14:35 | Investigar | Bow Saw |
| 14:35 | Investigar | Bow Saw |
| 14:35 | Investigar | Bow Saw |
| 14:36 | Crear | Villager (Male) |
| 14:36 | Crear | Villager (Male) |
| 14:51 | Construir | Farm |
| 14:53 | Crear | Villager (Male) |
| 15:11 | Crear | Villager (Male) |
| 15:11 | Crear | Villager (Male) |
| 15:17 | Construir | Farm |
| 15:19 | Construir | Farm |
| 15:21 | Crear | Villager (Male) |
| 15:28 | Construir | Farm |
| 15:30 | Crear | Villager (Male) |
| 15:33 | Crear | Villager (Male) |
| 15:39 | Construir | Farm |
| 15:41 | Construir | Farm |
| 15:42 | Crear | Villager (Male) |
| 15:47 | Construir | Farm |
| 15:56 | Construir | Farm |
| 15:58 | Crear | Villager (Male) |
| 16:03 | Construir | Farm |
| 16:07 | Construir | Farm |
| 16:16 | Construir | Farm |
| 16:17 | Crear | Villager (Male) |
| 16:18 | Crear | Villager (Male) |
| 16:22 | Construir | Farm |
| 16:30 | Crear | Villager (Male) |
| 16:39 | Crear | Villager (Male) |
| 16:45 | Crear | Villager (Male) |
| 16:48 | Construir | Farm |
| 16:51 | Construir | Farm |
| 16:54 | Construir | Farm |
| 16:58 | Construir | Farm |
| 16:58 | Crear | Villager (Male) |
| 16:59 | Crear | Villager (Male) |
| 17:02 | Construir | Farm |
| 17:03 | Crear | Villager (Male) |
| 17:10 | Construir | House |
| 17:11 | Construir | House |
| 17:17 | Construir | Farm |
| 17:18 | Crear | Villager (Male) |
| 17:18 | Crear | Villager (Male) |
| 17:22 | Construir | Farm |
| 17:29 | Crear | Villager (Male) |
| 17:29 | Crear | Villager (Male) |
| 17:35 | Construir | Farm |
| 17:35 | Crear | Villager (Male) |
| 17:41 | Construir | Farm |
| 17:42 | Crear | Villager (Male) |
| 17:42 | Crear | Villager (Male) |
| 17:44 | Crear | Janissary |
| 17:44 | Crear | Janissary |
| 17:51 | Construir | Farm |
| 17:53 | Crear | Villager (Male) |
| 17:57 | Construir | Farm |
| 18:04 | Crear | Villager (Male) |
| 18:06 | Crear | Janissary |
| 18:10 | Construir | House |
| 18:11 | Construir | House |
| 18:14 | Construir | House |
| 18:16 | Crear | Villager (Male) |
| 18:17 | Crear | Villager (Male) |
| 18:24 | Crear | Villager (Male) |
| 18:32 | Construir | Farm |
| 18:34 | Construir | Farm |
| 18:35 | Crear | Villager (Male) |
| 18:37 | Construir | Farm |
| 18:38 | Crear | Villager (Male) |
| 18:39 | Crear | Janissary |
| 18:42 | Crear | Villager (Male) |
| 19:02 | Construir | Farm |
| 19:06 | Investigar | Wheelbarrow |
| 19:06 | Crear | Janissary |
| 19:11 | Construir | Farm |
| 19:20 | Crear | Villager (Male) |
| 19:20 | Crear | Villager (Male) |
| 19:32 | Crear | Villager (Male) |
| 19:33 | Crear | Villager (Male) |
| 19:37 | Construir | Farm |
| 19:38 | Construir | Farm |
| 19:39 | Crear | Villager (Male) |
| 19:42 | Construir | Farm |
| 19:43 | Crear | Villager (Male) |
| 20:03 | Crear | Villager (Male) |
| 20:23 | Crear | Villager (Male) |
| 20:31 | Crear | Villager (Male) |
| 20:43 | Crear | Villager (Male) |
| 20:45 | Crear | Villager (Male) |
| 20:51 | Construir | Farm |
| 20:54 | Construir | Farm |
| 20:55 | Construir | Farm |
| 20:56 | Crear | Villager (Male) |
| 20:59 | Construir | House |
| 21:00 | Construir | House |
| 21:01 | Construir | House |
| 21:02 | Crear | Villager (Male) |
| 21:04 | Construir | Farm |
| 21:09 | Investigar | Hand Cart |
| 21:10 | Crear | Villager (Male) |
| 21:32 | Construir | Mining Camp |
| 21:33 | Crear | Villager (Male) |
| 21:39 | Construir | House |
| 21:42 | Crear | Villager (Male) |
| 21:48 | Construir | House |
| 21:48 | Construir | House |
Build order — ThedissapointedInvader
Primeras 150 de 388 acciones detectadas
| 0:03 | Crear | Villager (Male) ×4 |
| 0:17 | Construir | Lumber Camp |
| 0:49 | Construir | Mill |
| 1:21 | Crear | Villager (Male) |
| 2:09 | Crear | Villager (Male) |
| 2:21 | Crear | Villager (Male) |
| 2:57 | Crear | Villager (Male) |
| 3:19 | Crear | Villager (Male) |
| 3:40 | Crear | Villager (Male) |
| 3:55 | Crear | Villager (Male) |
| 4:20 | Construir | Mining Camp |
| 4:30 | Construir | Farm |
| 4:37 | Construir | Farm |
| 4:39 | Construir | Farm |
| 4:41 | Construir | Farm |
| 4:46 | Investigar | Feudal Age |
| 4:46 | Investigar | Feudal Age |
| 5:53 | Crear | Villager (Male) |
| 5:54 | Crear | Villager (Male) |
| 6:56 | Edad | Edad Feudal |
| 6:59 | Construir | Blacksmith |
| 7:00 | Construir | Market |
| 8:10 | Investigar | Castle Age |
| 8:10 | Investigar | Castle Age |
| 8:36 | Construir | Lumber Camp |
| 8:48 | Investigar | Double-Bit Axe |
| 9:26 | Investigar | Horse Collar |
| 9:50 | Crear | Villager (Male) |
| 10:50 | Edad | Edad de los Castillos |
| 11:02 | Construir | Town Center |
| 11:04 | Crear | Villager (Male) |
| 11:08 | Investigar | Bow Saw |
| 11:24 | Crear | Villager (Male) |
| 11:39 | Construir | Town Center |
| 11:46 | Crear | Villager (Male) |
| 12:24 | Crear | Villager (Male) |
| 12:41 | Crear | Villager (Male) |
| 12:42 | Crear | Villager (Male) |
| 12:46 | Construir | Farm |
| 12:50 | Construir | Farm |
| 12:56 | Investigar | Heavy Plow |
| 12:57 | Crear | Villager (Male) |
| 12:57 | Crear | Villager (Male) |
| 12:58 | Investigar | Loom |
| 13:01 | Construir | Farm |
| 13:08 | Construir | Farm |
| 13:17 | Crear | Villager (Male) |
| 13:17 | Crear | Villager (Male) |
| 13:22 | Crear | Villager (Male) |
| 13:22 | Crear | Villager (Male) |
| 13:51 | Construir | Farm |
| 13:53 | Construir | Farm |
| 13:53 | Crear | Villager (Male) |
| 13:53 | Crear | Villager (Male) |
| 13:54 | Crear | Villager (Male) |
| 13:54 | Crear | Villager (Male) |
| 14:01 | Crear | Villager (Male) |
| 14:01 | Crear | Villager (Male) |
| 14:04 | Construir | Farm |
| 14:15 | Construir | Farm |
| 14:21 | Construir | Farm |
| 14:22 | Construir | Farm |
| 14:30 | Crear | Villager (Male) |
| 14:30 | Crear | Villager (Male) |
| 14:47 | Crear | Villager (Male) |
| 14:47 | Crear | Villager (Male) |
| 14:55 | Crear | Villager (Male) |
| 14:55 | Crear | Villager (Male) |
| 15:00 | Construir | Farm |
| 15:02 | Construir | Farm |
| 15:04 | Construir | Farm |
| 15:06 | Crear | Villager (Male) |
| 15:07 | Crear | Villager (Male) |
| 15:12 | Construir | Farm |
| 15:12 | Crear | Villager (Male) |
| 15:12 | Crear | Villager (Male) |
| 15:16 | Construir | Farm |
| 15:23 | Crear | Villager (Male) |
| 15:23 | Crear | Villager (Male) |
| 15:28 | Construir | Farm |
| 15:33 | Crear | Villager (Male) |
| 15:33 | Crear | Villager (Male) |
| 15:41 | Construir | Farm |
| 15:43 | Construir | Farm |
| 15:43 | Crear | Villager (Male) |
| 15:44 | Crear | Villager (Male) |
| 15:50 | Crear | Villager (Male) |
| 15:51 | Crear | Villager (Male) |
| 15:57 | Construir | Farm |
| 15:59 | Crear | Villager (Male) |
| 15:59 | Crear | Villager (Male) |
| 16:01 | Construir | Farm |
| 16:05 | Crear | Villager (Male) |
| 16:05 | Crear | Villager (Male) |
| 16:14 | Crear | Villager (Male) |
| 16:14 | Crear | Villager (Male) |
| 16:16 | Construir | Farm |
| 16:22 | Construir | Farm |
| 16:22 | Crear | Villager (Male) |
| 16:23 | Crear | Villager (Male) |
| 16:37 | Crear | Villager (Male) |
| 16:37 | Crear | Villager (Male) |
| 16:41 | Construir | Farm |
| 16:42 | Crear | Villager (Male) |
| 16:43 | Crear | Villager (Male) |
| 16:48 | Construir | Farm |
| 17:02 | Investigar | Wheelbarrow |
| 17:02 | Investigar | Wheelbarrow |
| 17:05 | Crear | Villager (Male) |
| 17:06 | Crear | Villager (Male) |
| 17:11 | Construir | Farm |
| 17:12 | Crear | Villager (Male) |
| 17:12 | Crear | Villager (Male) |
| 17:15 | Construir | Farm |
| 17:22 | Construir | Farm |
| 17:22 | Crear | Villager (Male) |
| 17:22 | Crear | Villager (Male) |
| 17:25 | Construir | Farm |
| 17:29 | Construir | Farm |
| 17:35 | Crear | Villager (Male) |
| 17:39 | Construir | Lumber Camp |
| 17:39 | Crear | Villager (Male) |
| 17:39 | Crear | Villager (Male) |
| 17:40 | Crear | Villager (Male) |
| 17:46 | Construir | House |
| 17:48 | Construir | House |
| 17:49 | Construir | House |
| 17:50 | Crear | Villager (Male) |
| 17:51 | Crear | Villager (Male) |
| 17:51 | Crear | Villager (Male) |
| 17:57 | Investigar | Town Watch |
| 17:58 | Crear | Villager (Male) |
| 17:58 | Crear | Villager (Male) |
| 17:58 | Crear | Villager (Male) |
| 18:11 | Crear | Villager (Male) |
| 18:11 | Crear | Villager (Male) |
| 18:18 | Construir | Farm |
| 18:27 | Construir | Farm |
| 18:32 | Crear | Gbeto |
| 18:32 | Crear | Gbeto |
| 18:33 | Crear | Villager (Male) |
| 18:55 | Construir | House |
| 18:56 | Construir | House |
| 18:56 | Construir | House |
| 18:58 | Construir | House |
| 18:58 | Construir | House |
| 18:58 | Construir | House |
| 18:59 | Construir | House |
| 18:59 | Construir | House |
| 18:59 | Construir | House |
Build order — XERSVIRUS
Primeras 150 de 329 acciones detectadas
| 0:09 | Construir | Lumber Camp |
| 0:10 | Crear | Villager (Male) |
| 0:10 | Crear | Villager (Male) |
| 0:39 | Crear | Villager (Male) |
| 1:26 | Crear | Villager (Male) |
| 1:26 | Crear | Villager (Male) |
| 1:27 | Crear | Villager (Male) |
| 2:20 | Crear | Villager (Male) |
| 2:28 | Construir | Mill |
| 3:10 | Crear | Villager (Male) |
| 3:10 | Crear | Villager (Male) |
| 3:10 | Crear | Villager (Male) |
| 3:11 | Crear | Villager (Male) |
| 3:11 | Crear | Villager (Male) |
| 3:11 | Crear | Villager (Male) |
| 3:11 | Crear | Villager (Male) |
| 3:27 | Construir | Palisade Wall |
| 4:18 | Construir | Farm |
| 4:22 | Construir | Farm |
| 4:24 | Construir | Farm |
| 4:26 | Construir | Farm |
| 5:08 | Construir | Mining Camp |
| 5:19 | Investigar | Feudal Age |
| 7:29 | Edad | Edad Feudal |
| 7:29 | Investigar | Wheelbarrow |
| 7:32 | Investigar | Double-Bit Axe |
| 7:34 | Investigar | Horse Collar |
| 8:14 | Crear | Villager (Male) |
| 8:14 | Crear | Villager (Male) |
| 8:19 | Construir | Blacksmith |
| 8:30 | Crear | Villager (Male) |
| 8:30 | Crear | Villager (Male) |
| 9:14 | Construir | Market |
| 9:28 | Construir | Farm |
| 9:29 | Construir | Farm |
| 10:56 | Construir | Farm |
| 11:05 | Construir | Farm |
| 11:09 | Construir | Farm |
| 11:11 | Investigar | Castle Age |
| 11:43 | Investigar | Gold Mining |
| 13:51 | Edad | Edad de los Castillos |
| 13:53 | Construir | Town Center |
| 13:56 | Investigar | Hand Cart |
| 14:14 | Crear | Tarkan |
| 14:14 | Crear | Tarkan |
| 14:14 | Crear | Tarkan |
| 14:14 | Crear | Tarkan |
| 14:14 | Crear | Tarkan |
| 14:37 | Crear | Villager (Male) |
| 14:38 | Crear | Villager (Male) |
| 14:53 | Crear | Villager (Male) |
| 14:54 | Crear | Villager (Male) |
| 15:12 | Crear | Petard |
| 15:58 | Crear | Tarkan |
| 15:58 | Crear | Tarkan |
| 15:58 | Crear | Tarkan |
| 16:00 | Investigar | Scale Barding Armor |
| 16:01 | Crear | Villager (Male) |
| 16:03 | Crear | Villager (Male) |
| 16:09 | Construir | Farm |
| 16:10 | Construir | Farm |
| 16:12 | Construir | Farm |
| 16:13 | Construir | Farm |
| 16:57 | Construir | Town Center |
| 16:59 | Crear | Villager (Male) |
| 17:00 | Construir | Farm |
| 17:10 | Crear | Tarkan |
| 17:43 | Investigar | Chain Barding Armor |
| 17:43 | Investigar | Chain Barding Armor |
| 18:12 | Investigar | Forging |
| 18:30 | Crear | Tarkan |
| 18:30 | Crear | Tarkan |
| 18:32 | Crear | Villager (Male) |
| 18:33 | Construir | Farm |
| 18:54 | Crear | Villager (Male) |
| 18:55 | Crear | Villager (Male) |
| 18:55 | Crear | Villager (Male) |
| 18:58 | Construir | Farm |
| 18:58 | Construir | Farm |
| 18:58 | Construir | Farm |
| 18:59 | Construir | Farm |
| 18:59 | Construir | Farm |
| 18:59 | Construir | Farm |
| 18:59 | Construir | Farm |
| 19:00 | Construir | Farm |
| 19:04 | Crear | Villager (Male) |
| 19:40 | Crear | Villager (Male) |
| 19:42 | Crear | Villager (Male) |
| 19:43 | Crear | Villager (Male) |
| 19:44 | Crear | Tarkan |
| 19:45 | Crear | Tarkan |
| 20:32 | Crear | Villager (Male) |
| 20:33 | Crear | Villager (Male) |
| 20:34 | Crear | Villager (Male) |
| 20:35 | Construir | Farm |
| 20:39 | Construir | Mill |
| 20:42 | Construir | Farm |
| 20:42 | Construir | Farm |
| 20:42 | Construir | Farm |
| 20:42 | Construir | Farm |
| 20:43 | Construir | Farm |
| 20:43 | Construir | Farm |
| 20:43 | Construir | Farm |
| 20:43 | Construir | Farm |
| 20:44 | Construir | Farm |
| 20:44 | Construir | Farm |
| 20:45 | Crear | Villager (Male) |
| 20:46 | Crear | Villager (Male) |
| 20:46 | Crear | Villager (Male) |
| 20:46 | Crear | Villager (Male) |
| 21:03 | Investigar | Iron Casting |
| 21:35 | Crear | Villager (Male) |
| 21:38 | Crear | Villager (Male) |
| 21:38 | Crear | Villager (Male) |
| 21:39 | Crear | Villager (Male) |
| 21:39 | Crear | Villager (Male) |
| 21:41 | Construir | Farm |
| 21:48 | Crear | Tarkan |
| 21:49 | Crear | Tarkan |
| 21:49 | Crear | Tarkan |
| 22:47 | Crear | Villager (Male) |
| 22:48 | Crear | Villager (Male) |
| 22:48 | Crear | Villager (Male) |
| 22:48 | Crear | Villager (Male) |
| 22:49 | Construir | Farm |
| 22:50 | Construir | Farm |
| 22:52 | Crear | Villager (Male) |
| 22:52 | Crear | Villager (Male) |
| 22:54 | Construir | Lumber Camp |
| 23:08 | Investigar | Heavy Plow |
| 23:11 | Investigar | Bow Saw |
| 23:14 | Crear | Villager (Male) |
| 23:15 | Crear | Villager (Male) |
| 23:15 | Crear | Villager (Male) |
| 23:15 | Crear | Villager (Male) |
| 24:34 | Construir | Mill |
| 24:37 | Construir | Farm |
| 24:38 | Construir | Farm |
| 24:38 | Construir | Farm |
| 24:39 | Construir | Farm |
| 24:39 | Construir | Farm |
| 24:39 | Construir | Farm |
| 24:39 | Construir | Farm |
| 24:40 | Construir | Farm |
| 24:40 | Construir | Farm |
| 24:40 | Construir | Farm |
| 24:40 | Construir | Farm |
| 24:41 | Construir | Farm |
| 24:41 | Construir | Farm |
| 24:43 | Crear | Villager (Male) |
Build order — jusart92
Primeras 150 de 287 acciones detectadas
| 0:04 | Construir | Mill |
| 0:09 | Construir | Lumber Camp |
| 0:12 | Crear | Villager (Male) |
| 0:12 | Crear | Villager (Male) |
| 0:13 | Crear | Villager (Male) |
| 1:34 | Crear | Villager (Male) |
| 1:54 | Crear | Villager (Male) |
| 1:54 | Crear | Villager (Male) |
| 1:55 | Crear | Villager (Male) |
| 2:04 | Construir | Mining Camp |
| 2:46 | Crear | Villager (Male) |
| 2:46 | Crear | Villager (Male) |
| 3:26 | Crear | Villager (Male) |
| 3:27 | Crear | Villager (Male) |
| 4:23 | Crear | Villager (Male) |
| 4:23 | Crear | Villager (Male) |
| 4:23 | Crear | Villager (Male) |
| 4:24 | Crear | Villager (Male) |
| 5:19 | Investigar | Feudal Age |
| 5:23 | Construir | Farm |
| 5:34 | Construir | Farm |
| 6:36 | Crear | Villager (Male) |
| 6:37 | Crear | Villager (Male) |
| 6:37 | Crear | Villager (Male) |
| 7:29 | Edad | Edad Feudal |
| 7:33 | Construir | Blacksmith |
| 7:36 | Construir | Market |
| 7:44 | Construir | Farm |
| 7:48 | Construir | Farm |
| 7:55 | Construir | Farm |
| 8:42 | Investigar | Castle Age |
| 9:14 | Investigar | Double-Bit Axe |
| 9:33 | Crear | Eagle Scout |
| 9:46 | Investigar | Forging |
| 9:52 | Crear | Villager (Male) |
| 9:53 | Crear | Villager (Male) |
| 10:21 | Construir | Lumber Camp |
| 10:42 | Investigar | Loom |
| 10:46 | Crear | Villager (Male) |
| 10:46 | Crear | Villager (Male) |
| 11:24 | Edad | Edad de los Castillos |
| 11:38 | Construir | Town Center |
| 12:14 | Crear | Villager (Male) |
| 12:51 | Construir | Stone Wall |
| 12:53 | Construir | House |
| 13:00 | Crear | Villager (Male) |
| 13:12 | Construir | Mining Camp |
| 13:25 | Crear | Villager (Male) |
| 13:37 | Construir | Monastery |
| 13:43 | Crear | Villager (Male) |
| 13:53 | Crear | Villager (Male) |
| 14:07 | Construir | Farm |
| 14:07 | Construir | Farm |
| 14:07 | Construir | Farm |
| 14:11 | Construir | Farm |
| 14:12 | Crear | Villager (Male) |
| 14:20 | Crear | Villager (Male) |
| 14:22 | Crear | Monk |
| 14:28 | Crear | Villager (Male) |
| 14:34 | Investigar | Bow Saw |
| 14:43 | Construir | Farm |
| 14:47 | Crear | Villager (Male) |
| 14:48 | Crear | Villager (Male) |
| 14:53 | Crear | Villager (Male) |
| 15:12 | Crear | Villager (Male) |
| 15:20 | Construir | Farm |
| 15:24 | Crear | Villager (Male) |
| 15:28 | Investigar | Eagle Warrior (upgrade) |
| 15:29 | Investigar | Squires |
| 15:32 | Crear | Villager (Male) |
| 15:41 | Crear | Monk |
| 15:48 | Crear | Villager (Male) |
| 15:53 | Construir | Farm |
| 15:54 | Construir | Farm |
| 16:00 | Crear | Villager (Male) |
| 16:02 | Crear | Eagle Scout |
| 16:17 | Construir | Farm |
| 16:21 | Crear | Villager (Male) |
| 16:22 | Crear | Villager (Male) |
| 16:25 | Investigar | Horse Collar |
| 16:41 | Crear | Villager (Male) |
| 16:53 | Construir | Stone Wall |
| 17:01 | Crear | Villager (Male) |
| 17:05 | Crear | Villager (Male) |
| 17:14 | Construir | Town Center |
| 17:23 | Construir | Stone Wall |
| 17:36 | Crear | Villager (Male) |
| 17:43 | Construir | House |
| 17:44 | Construir | House |
| 17:45 | Construir | House |
| 17:46 | Construir | House |
| 17:48 | Crear | Villager (Male) |
| 17:51 | Construir | Farm |
| 17:51 | Construir | Farm |
| 17:51 | Construir | Farm |
| 17:52 | Construir | Farm |
| 17:52 | Construir | Farm |
| 17:55 | Construir | House |
| 17:56 | Construir | House |
| 17:56 | Construir | House |
| 17:56 | Construir | House |
| 18:03 | Crear | Villager (Male) |
| 18:07 | Investigar | Wheelbarrow |
| 18:07 | Investigar | Town Watch |
| 18:13 | Crear | Villager (Male) |
| 18:32 | Construir | Farm |
| 18:36 | Construir | Farm |
| 18:37 | Crear | Villager (Male) |
| 18:38 | Crear | Villager (Male) |
| 18:49 | Crear | Villager (Male) |
| 18:57 | Crear | Villager (Male) |
| 19:04 | Construir | Building 487 |
| 19:12 | Construir | House |
| 19:13 | Construir | House |
| 19:33 | Crear | Villager (Male) |
| 19:50 | Crear | Villager (Male) |
| 19:54 | Construir | Farm |
| 19:55 | Construir | Farm |
| 19:55 | Construir | Farm |
| 19:55 | Construir | Farm |
| 19:59 | Construir | Farm |
| 20:00 | Construir | Farm |
| 20:00 | Construir | Farm |
| 20:00 | Construir | Farm |
| 20:01 | Construir | Farm |
| 20:28 | Investigar | Scale Mail Armor |
| 20:28 | Investigar | Iron Casting |
| 20:29 | Crear | Villager (Male) |
| 20:30 | Crear | Eagle Scout |
| 20:30 | Crear | Eagle Scout |
| 20:30 | Crear | Eagle Scout |
| 20:32 | Investigar | Arson |
| 20:39 | Construir | Farm |
| 20:41 | Investigar | Heavy Plow |
| 21:00 | Crear | Villager (Male) |
| 21:07 | Crear | Villager (Male) |
| 21:09 | Crear | Villager (Male) |
| 21:16 | Construir | Lumber Camp |
| 21:24 | Construir | Farm |
| 21:24 | Construir | Farm |
| 21:24 | Construir | Farm |
| 21:24 | Construir | Farm |
| 21:24 | Construir | Farm |
| 21:25 | Construir | Farm |
| 21:36 | Construir | Building 487 |
| 21:40 | Construir | Stone Wall |
| 21:53 | Crear | Villager (Male) |
| 21:55 | Crear | Villager (Male) |
| 21:58 | Construir | Farm |
| 21:59 | Crear | Villager (Male) |
Build order — Bug ee
Primeras 150 de 465 acciones detectadas
| 0:01 | Crear | Villager (Male) |
| 0:01 | Crear | Villager (Male) |
| 0:05 | Construir | Lumber Camp |
| 0:09 | Crear | Villager (Male) |
| 0:09 | Crear | Villager (Male) |
| 0:10 | Crear | Villager (Male) |
| 0:19 | Construir | Mill |
| 1:12 | Crear | Villager (Male) |
| 1:12 | Crear | Villager (Male) |
| 1:50 | Crear | Villager (Male) |
| 2:21 | Crear | Villager (Male) |
| 2:35 | Construir | Mining Camp |
| 2:37 | Crear | Villager (Male) |
| 3:01 | Crear | Villager (Male) |
| 3:25 | Crear | Villager (Male) |
| 4:12 | Crear | Villager (Male) |
| 4:44 | Crear | Villager (Male) |
| 5:05 | Investigar | Loom |
| 5:39 | Investigar | Feudal Age |
| 5:39 | Investigar | Feudal Age |
| 6:21 | Construir | Farm |
| 6:25 | Construir | Farm |
| 6:30 | Construir | Farm |
| 7:05 | Crear | Villager (Male) |
| 7:05 | Crear | Villager (Male) |
| 7:49 | Edad | Edad Feudal |
| 7:51 | Construir | Market |
| 7:56 | Construir | Blacksmith |
| 8:58 | Investigar | Castle Age |
| 8:58 | Investigar | Castle Age |
| 9:27 | Construir | Stone Wall |
| 9:32 | Construir | Stone Wall |
| 10:14 | Investigar | Double-Bit Axe |
| 10:14 | Investigar | Double-Bit Axe |
| 10:17 | Investigar | Horse Collar |
| 10:17 | Investigar | Horse Collar |
| 11:31 | Construir | Stone Wall |
| 11:38 | Crear | Villager (Male) |
| 11:38 | Edad | Edad de los Castillos |
| 11:40 | Construir | Town Center |
| 11:43 | Crear | Villager (Male) |
| 11:49 | Construir | Town Center |
| 12:05 | Investigar | Bow Saw |
| 12:05 | Investigar | Bow Saw |
| 12:06 | Crear | Villager (Male) |
| 12:38 | Crear | Villager (Male) |
| 12:59 | Investigar | Wheelbarrow |
| 13:27 | Crear | Villager (Male) |
| 13:27 | Crear | Villager (Male) |
| 13:27 | Crear | Villager (Male) |
| 13:34 | Construir | Farm |
| 13:35 | Construir | Farm |
| 14:03 | Construir | Lumber Camp |
| 14:08 | Crear | Villager (Male) |
| 14:08 | Crear | Villager (Male) |
| 14:12 | Construir | Farm |
| 14:14 | Crear | Villager (Male) |
| 14:15 | Crear | Villager (Male) |
| 14:29 | Construir | Farm |
| 14:31 | Crear | Villager (Male) |
| 14:31 | Crear | Villager (Male) |
| 14:36 | Crear | Villager (Male) |
| 14:40 | Construir | House |
| 14:42 | Construir | House |
| 14:43 | Construir | House |
| 14:54 | Construir | Farm |
| 15:05 | Crear | Villager (Male) |
| 15:05 | Crear | Villager (Male) |
| 15:06 | Crear | Villager (Male) |
| 15:14 | Crear | Villager (Male) |
| 15:14 | Crear | Villager (Male) |
| 15:20 | Construir | Farm |
| 15:21 | Construir | Farm |
| 15:21 | Construir | Farm |
| 15:21 | Construir | Farm |
| 15:21 | Construir | Farm |
| 15:32 | Crear | Villager (Male) |
| 15:32 | Crear | Villager (Male) |
| 15:36 | Crear | Villager (Male) |
| 15:37 | Crear | Villager (Male) |
| 15:44 | Construir | Farm |
| 15:47 | Construir | Farm |
| 15:51 | Construir | Farm |
| 15:59 | Crear | Villager (Male) |
| 15:59 | Crear | Villager (Male) |
| 16:01 | Crear | Villager (Male) |
| 16:02 | Crear | Villager (Male) |
| 16:05 | Construir | Farm |
| 16:11 | Construir | Farm |
| 16:13 | Crear | Villager (Male) |
| 16:13 | Crear | Villager (Male) |
| 16:14 | Crear | Villager (Male) |
| 16:20 | Construir | House |
| 16:21 | Construir | House |
| 16:22 | Construir | House |
| 16:32 | Crear | Villager (Male) |
| 16:32 | Crear | Villager (Male) |
| 16:37 | Construir | Farm |
| 16:45 | Construir | Farm |
| 16:52 | Crear | Villager (Male) |
| 16:52 | Crear | Villager (Male) |
| 16:52 | Crear | Villager (Male) |
| 16:53 | Crear | Villager (Male) |
| 16:53 | Crear | Villager (Male) |
| 16:57 | Construir | Farm |
| 17:00 | Construir | Farm |
| 17:03 | Crear | Villager (Male) |
| 17:04 | Crear | Villager (Male) |
| 17:08 | Crear | Villager (Male) |
| 17:19 | Crear | Villager (Male) |
| 17:20 | Crear | Villager (Male) |
| 17:24 | Construir | House |
| 17:27 | Crear | Villager (Male) |
| 17:28 | Crear | Villager (Male) |
| 17:28 | Crear | Villager (Male) |
| 17:48 | Crear | Villager (Male) |
| 17:49 | Crear | Villager (Male) |
| 17:49 | Crear | Villager (Male) |
| 17:53 | Construir | Mill |
| 17:54 | Construir | Farm |
| 17:55 | Construir | Farm |
| 17:55 | Construir | Farm |
| 18:02 | Crear | Villager (Male) |
| 18:02 | Crear | Villager (Male) |
| 18:07 | Construir | University |
| 18:11 | Construir | Farm |
| 18:20 | Construir | Farm |
| 18:25 | Crear | Villager (Male) |
| 18:25 | Crear | Villager (Male) |
| 18:31 | Construir | House |
| 18:32 | Construir | House |
| 18:33 | Construir | House |
| 18:52 | Construir | Town Center |
| 18:54 | Crear | Villager (Male) |
| 18:54 | Crear | Villager (Male) |
| 18:55 | Crear | Villager (Male) |
| 18:55 | Crear | Villager (Male) |
| 19:10 | Crear | Villager (Male) |
| 19:10 | Crear | Villager (Male) |
| 19:10 | Crear | Villager (Male) |
| 19:17 | Construir | Stable |
| 20:00 | Construir | Mining Camp |
| 20:02 | Crear | Villager (Male) |
| 20:15 | Construir | Palisade Gate |
| 20:26 | Crear | Urumi Swordsman |
| 20:40 | Crear | Battle Elephant |
| 20:46 | Investigar | Fletching |
| 20:46 | Investigar | Fletching |
| 20:48 | Crear | Villager (Male) |
| 20:48 | Crear | Villager (Male) |
Build order — 我是你大飞哥
Primeras 150 de 389 acciones detectadas
| 0:02 | Crear | Villager (Male) |
| 0:02 | Crear | Villager (Male) |
| 0:02 | Crear | Villager (Male) |
| 0:05 | Construir | Lumber Camp |
| 0:09 | Construir | Mill |
| 0:19 | Crear | Villager (Male) |
| 0:19 | Crear | Villager (Male) |
| 1:15 | Crear | Villager (Male) |
| 1:15 | Crear | Villager (Male) |
| 1:35 | Crear | Villager (Male) |
| 1:35 | Crear | Villager (Male) |
| 1:56 | Crear | Villager (Male) |
| 1:56 | Crear | Villager (Male) |
| 2:02 | Construir | Lumber Camp |
| 2:44 | Crear | Villager (Male) |
| 2:44 | Crear | Villager (Male) |
| 2:56 | Crear | Villager (Male) |
| 3:50 | Construir | Farm |
| 4:14 | Construir | Farm |
| 4:35 | Construir | Farm |
| 4:38 | Crear | Villager (Male) |
| 4:42 | Construir | Farm |
| 4:44 | Construir | Farm |
| 5:22 | Construir | Mining Camp |
| 5:26 | Investigar | Feudal Age |
| 5:26 | Investigar | Feudal Age |
| 6:36 | Crear | Villager (Male) |
| 6:36 | Crear | Villager (Male) |
| 7:37 | Edad | Edad Feudal |
| 7:38 | Crear | Villager (Male) |
| 7:42 | Construir | Market |
| 7:46 | Construir | Blacksmith |
| 7:50 | Crear | Villager (Male) |
| 8:48 | Investigar | Castle Age |
| 9:04 | Investigar | Double-Bit Axe |
| 11:19 | Crear | Villager (Male) |
| 11:19 | Crear | Villager (Male) |
| 11:32 | Edad | Edad de los Castillos |
| 11:34 | Construir | Monastery |
| 11:36 | Construir | Town Center |
| 11:39 | Crear | Villager (Male) |
| 11:41 | Construir | Town Center |
| 11:45 | Investigar | Bow Saw |
| 12:04 | Crear | Monk |
| 12:27 | Investigar | Horse Collar |
| 12:37 | Crear | Villager (Male) |
| 12:54 | Crear | Monk |
| 13:04 | Crear | Villager (Male) |
| 13:09 | Crear | Villager (Male) |
| 13:09 | Crear | Villager (Male) |
| 13:20 | Crear | Villager (Male) |
| 13:20 | Crear | Villager (Male) |
| 13:20 | Crear | Villager (Male) |
| 13:37 | Crear | Villager (Male) |
| 13:49 | Construir | Farm |
| 13:50 | Crear | Villager (Male) |
| 13:56 | Crear | Villager (Male) |
| 13:58 | Crear | Villager (Male) |
| 14:01 | Crear | Villager (Male) |
| 14:19 | Crear | Villager (Male) |
| 14:45 | Crear | Monk |
| 15:06 | Crear | Villager (Male) |
| 15:08 | Crear | Villager (Male) |
| 15:08 | Crear | Villager (Male) |
| 15:09 | Crear | Villager (Male) |
| 15:17 | Construir | Town Center |
| 15:36 | Crear | Villager (Male) |
| 15:37 | Crear | Villager (Male) |
| 15:39 | Construir | Farm |
| 15:40 | Construir | Farm |
| 15:40 | Construir | Farm |
| 15:42 | Construir | Lumber Camp |
| 15:50 | Crear | Monk |
| 16:28 | Crear | Villager (Male) |
| 16:29 | Crear | Villager (Male) |
| 16:29 | Crear | Villager (Male) |
| 16:33 | Construir | House |
| 16:34 | Construir | House |
| 16:34 | Construir | House |
| 16:53 | Investigar | Fervor |
| 17:00 | Crear | Villager (Male) |
| 17:02 | Investigar | Wheelbarrow |
| 17:03 | Crear | Villager (Male) |
| 17:04 | Construir | Farm |
| 17:04 | Construir | Farm |
| 17:21 | Crear | Villager (Male) |
| 17:21 | Crear | Villager (Male) |
| 17:30 | Construir | Farm |
| 17:30 | Construir | Farm |
| 17:31 | Construir | Farm |
| 17:31 | Construir | Farm |
| 17:31 | Construir | Farm |
| 17:31 | Construir | Farm |
| 17:32 | Construir | Farm |
| 17:38 | Construir | House |
| 17:38 | Construir | House |
| 17:39 | Construir | House |
| 17:40 | Construir | House |
| 17:44 | Construir | Lumber Camp |
| 17:46 | Crear | Villager (Male) |
| 17:54 | Crear | Villager (Male) |
| 17:55 | Crear | Villager (Male) |
| 18:14 | Crear | Leitis |
| 18:14 | Crear | Leitis |
| 18:14 | Crear | Leitis |
| 18:19 | Construir | Farm |
| 18:19 | Construir | Farm |
| 18:21 | Construir | Farm |
| 18:21 | Construir | Farm |
| 18:22 | Construir | Farm |
| 18:29 | Crear | Villager (Male) |
| 18:58 | Construir | Farm |
| 19:00 | Crear | Villager (Male) |
| 19:01 | Crear | Villager (Male) |
| 19:02 | Crear | Villager (Male) |
| 19:09 | Crear | Villager (Male) |
| 19:10 | Crear | Villager (Male) |
| 19:26 | Crear | Villager (Male) |
| 19:27 | Crear | Villager (Male) |
| 19:27 | Crear | Villager (Male) |
| 19:28 | Crear | Villager (Male) |
| 19:28 | Crear | Villager (Male) |
| 19:40 | Construir | Town Center |
| 19:44 | Crear | Villager (Male) |
| 19:47 | Construir | House |
| 19:48 | Construir | House |
| 19:48 | Construir | House |
| 19:49 | Construir | House |
| 19:52 | Crear | Villager (Male) |
| 19:53 | Crear | Villager (Male) |
| 19:55 | Crear | Villager (Male) |
| 19:55 | Crear | Villager (Male) |
| 20:10 | Crear | Villager (Male) |
| 20:15 | Crear | Villager (Male) |
| 20:17 | Crear | Villager (Male) |
| 20:34 | Construir | House |
| 20:35 | Construir | House |
| 20:36 | Construir | House |
| 20:37 | Construir | House |
| 20:41 | Investigar | Hand Cart |
| 20:42 | Investigar | Loom |
| 20:42 | Crear | Villager (Male) |
| 20:44 | Crear | Villager (Male) |
| 20:44 | Crear | Villager (Male) |
| 20:49 | Construir | Mill |
| 20:50 | Construir | Farm |
| 20:50 | Construir | Farm |
| 20:51 | Construir | Farm |
| 20:52 | Construir | Farm |
| 20:55 | Investigar | Heavy Plow |
Build order — SharkAoE
Primeras 150 de 425 acciones detectadas
| 0:00 | Crear | Villager (Male) |
| 0:01 | Crear | Villager (Male) |
| 0:01 | Crear | Villager (Male) |
| 0:04 | Construir | Lumber Camp |
| 0:10 | Construir | Mill |
| 0:12 | Crear | Villager (Male) |
| 0:13 | Crear | Villager (Male) |
| 1:21 | Crear | Villager (Male) |
| 1:22 | Crear | Villager (Male) |
| 1:50 | Crear | Villager (Male) |
| 1:51 | Crear | Villager (Male) |
| 2:32 | Crear | Villager (Male) |
| 2:33 | Crear | Villager (Male) |
| 2:33 | Crear | Villager (Male) |
| 2:54 | Crear | Villager (Male) |
| 3:50 | Construir | Farm |
| 3:57 | Crear | Villager (Male) |
| 3:58 | Crear | Villager (Male) |
| 3:59 | Crear | Villager (Male) |
| 4:44 | Construir | Mining Camp |
| 5:21 | Investigar | Feudal Age |
| 5:48 | Construir | Farm |
| 7:28 | Crear | Villager (Male) |
| 7:28 | Crear | Villager (Male) |
| 7:37 | Edad | Edad Feudal |
| 7:39 | Construir | Market |
| 7:50 | Construir | Blacksmith |
| 8:23 | Investigar | Double-Bit Axe |
| 8:33 | Investigar | Castle Age |
| 8:33 | Investigar | Castle Age |
| 9:03 | Investigar | Horse Collar |
| 9:04 | Investigar | Horse Collar |
| 11:04 | Crear | Villager (Male) |
| 11:13 | Edad | Edad de los Castillos |
| 11:14 | Construir | Town Center |
| 11:23 | Crear | Villager (Male) |
| 11:37 | Construir | Town Center |
| 11:38 | Crear | Villager (Male) |
| 11:46 | Crear | Villager (Male) |
| 11:59 | Crear | Villager (Male) |
| 12:07 | Construir | Farm |
| 12:26 | Crear | Villager (Male) |
| 12:29 | Crear | Villager (Male) |
| 12:30 | Crear | Villager (Male) |
| 12:55 | Crear | Villager (Male) |
| 13:00 | Crear | Villager (Male) |
| 13:12 | Crear | Villager (Male) |
| 13:13 | Crear | Villager (Male) |
| 13:17 | Construir | Farm |
| 13:17 | Construir | Farm |
| 13:18 | Construir | Farm |
| 13:20 | Construir | Farm |
| 13:21 | Construir | Farm |
| 13:24 | Construir | Farm |
| 13:32 | Construir | Farm |
| 13:35 | Crear | Villager (Male) |
| 13:46 | Crear | Villager (Male) |
| 13:51 | Construir | Farm |
| 13:56 | Construir | Farm |
| 13:58 | Crear | Villager (Male) |
| 14:06 | Crear | Villager (Male) |
| 14:36 | Construir | Town Center |
| 14:39 | Crear | Villager (Male) |
| 14:40 | Crear | Villager (Male) |
| 14:56 | Crear | Villager (Male) |
| 14:56 | Crear | Villager (Male) |
| 15:06 | Crear | Villager (Male) |
| 15:06 | Crear | Villager (Male) |
| 15:11 | Construir | Farm |
| 15:12 | Construir | Farm |
| 15:13 | Construir | Farm |
| 15:16 | Construir | Lumber Camp |
| 15:20 | Crear | Villager (Male) |
| 15:22 | Crear | Villager (Male) |
| 15:28 | Construir | Stone Wall |
| 15:36 | Crear | Villager (Male) |
| 15:37 | Crear | Villager (Male) |
| 15:40 | Crear | Villager (Male) |
| 15:40 | Crear | Villager (Male) |
| 15:42 | Construir | Farm |
| 15:57 | Crear | Villager (Male) |
| 15:57 | Crear | Villager (Male) |
| 16:01 | Crear | Villager (Male) |
| 16:04 | Construir | Farm |
| 16:06 | Construir | Farm |
| 16:09 | Construir | Stone Wall |
| 16:15 | Crear | Villager (Male) |
| 16:19 | Construir | Lumber Camp |
| 16:38 | Crear | Villager (Male) |
| 16:38 | Crear | Villager (Male) |
| 16:40 | Construir | Farm |
| 16:41 | Construir | Farm |
| 16:41 | Construir | Farm |
| 16:43 | Crear | Villager (Male) |
| 16:43 | Crear | Villager (Male) |
| 16:44 | Crear | Villager (Male) |
| 17:08 | Crear | Villager (Male) |
| 17:08 | Crear | Villager (Male) |
| 17:09 | Crear | Villager (Male) |
| 17:11 | Construir | Farm |
| 17:12 | Construir | House |
| 17:14 | Construir | Stone Wall |
| 17:17 | Construir | Building 673 |
| 17:20 | Crear | Villager (Male) |
| 17:21 | Crear | Villager (Male) |
| 17:22 | Construir | Farm |
| 17:23 | Construir | Farm |
| 17:24 | Construir | Farm |
| 17:31 | Construir | Mining Camp |
| 17:32 | Crear | Villager (Male) |
| 17:32 | Crear | Villager (Male) |
| 17:36 | Crear | Villager (Male) |
| 17:37 | Crear | Villager (Male) |
| 17:44 | Crear | Villager (Male) |
| 17:45 | Crear | Villager (Male) |
| 17:55 | Investigar | Stone Mining |
| 17:58 | Construir | House |
| 17:58 | Construir | House |
| 17:59 | Construir | House |
| 18:00 | Construir | House |
| 18:10 | Crear | Villager (Male) |
| 18:11 | Crear | Villager (Male) |
| 18:13 | Construir | Farm |
| 18:14 | Construir | House |
| 18:25 | Crear | Villager (Male) |
| 18:25 | Crear | Villager (Male) |
| 18:38 | Construir | Stone Wall |
| 18:40 | Crear | Villager (Male) |
| 18:40 | Crear | Villager (Male) |
| 18:44 | Crear | Villager (Male) |
| 18:44 | Crear | Villager (Male) |
| 18:51 | Construir | Market |
| 18:53 | Construir | Market |
| 18:59 | Construir | Market |
| 19:00 | Crear | Villager (Male) |
| 19:01 | Crear | Villager (Male) |
| 19:01 | Crear | Villager (Male) |
| 19:01 | Crear | Villager (Male) |
| 19:02 | Crear | Villager (Male) |
| 19:10 | Construir | Farm |
| 19:22 | Crear | Villager (Male) |
| 19:26 | Investigar | Wheelbarrow |
| 19:26 | Investigar | Wheelbarrow |
| 19:45 | Crear | Unit 1949 |
| 19:45 | Crear | Unit 1949 |
| 19:47 | Crear | Villager (Male) |
| 19:48 | Crear | Villager (Male) |
| 19:48 | Crear | Villager (Male) |
| 20:01 | Crear | Villager (Male) |
| 20:05 | Construir | Castle |
Cronología de la partida
| 3:27 | XERSVIRUS · wall_segment Palisade Wall x1 |
| 6:56 | ThedissapointedInvader · age_up feudal |
| 7:29 | XERSVIRUS · age_up feudal |
| 7:29 | jusart92 · age_up feudal |
| 7:36 | Zain · age_up feudal |
| 7:37 | 我是你大飞哥 · age_up feudal |
| 7:37 | SharkAoE · age_up feudal |
| 7:49 | Bug ee · age_up feudal |
| 7:51 | ThedissapointedInvader · first_market_buy 100 food |
| 7:52 | ThedissapointedInvader · first_market_sell 100 wood |
| 8:35 | jusart92 · first_market_buy 100 food |
| 8:44 | Bug ee · first_market_sell 100 wood |
| 8:45 | Bug ee · first_market_buy 100 food |
| 9:21 | Matzeking · age_up feudal |
| 9:27 | Bug ee · wall_segment Stone Wall x4 |
| 9:32 | Bug ee · wall_segment Stone Wall x11 |
| 10:50 | ThedissapointedInvader · age_up castle |
| 11:10 | Zain · age_up castle |
| 11:13 | SharkAoE · age_up castle |
| 11:24 | jusart92 · age_up castle |
| 11:31 | Bug ee · wall_segment Stone Wall x2 |
| 11:32 | 我是你大飞哥 · age_up castle |
| 11:34 | 我是你大飞哥 · first_building Monastery |
| 11:38 | Bug ee · age_up castle |
| 12:51 | jusart92 · wall_segment Stone Wall x15 |
| 12:53 | Zain · first_market_buy 100 food |
| 12:57 | Matzeking · age_up castle |
| 13:37 | jusart92 · first_building Monastery |
| 13:51 | XERSVIRUS · age_up castle |
| 14:14 | SharkAoE · first_market_buy 100 wood |
| 15:28 | SharkAoE · wall_segment Stone Wall x4 |
| 16:09 | SharkAoE · wall_segment Stone Wall x6 |
| 16:53 | jusart92 · wall_segment Stone Wall x1 |
| 17:14 | SharkAoE · wall_segment Stone Wall x3 |
| 17:23 | jusart92 · wall_segment Stone Wall x19 |
| 17:35 | XERSVIRUS · first_market_sell 100 wood |
| 18:38 | SharkAoE · wall_segment Stone Wall x6 |
| 19:13 | ThedissapointedInvader · wall_segment Stone Wall x2 |
| 19:17 | Bug ee · first_building Stable |
| 20:04 | Zain · first_market_sell 100 food |
| 20:05 | SharkAoE · first_building Castle |
| 20:38 | ThedissapointedInvader · wall_segment Stone Wall x23 |
| 20:40 | SharkAoE · first_market_sell 100 wood |
| 20:46 | SharkAoE · first_building Stable |
| 21:29 | Zain · first_building Castle |
| 21:30 | SharkAoE · wall_segment Stone Wall x5 |
| 21:38 | SharkAoE · wall_segment Stone Wall x1 |
| 21:40 | jusart92 · wall_segment Stone Wall x7 |
| 22:04 | 我是你大飞哥 · first_building Castle |
| 22:16 | Matzeking · first_market_sell 100 food |
| 22:18 | Bug ee · wall_segment Stone Wall x1 |
| 22:19 | Bug ee · wall_segment Stone Wall x1 |
| 22:46 | SharkAoE · wall_segment Stone Wall x1 |
| 23:07 | jusart92 · first_building Barracks |
| 23:26 | Zain · age_up imperial |
| 23:29 | SharkAoE · wall_segment Palisade Wall x1 |
| 23:31 | SharkAoE · wall_segment Palisade Wall x1 |
| 23:35 | ThedissapointedInvader · wall_segment Stone Wall x1 |
| 23:38 | ThedissapointedInvader · wall_segment Stone Wall x28 |
| 23:47 | 我是你大飞哥 · first_building Stable |
| 23:57 | ThedissapointedInvader · age_up imperial |
| 24:13 | Bug ee · first_building Archery Range |
| 24:32 | jusart92 · first_market_sell 100 wood |
| 24:41 | Bug ee · first_building Castle |
| 24:44 | jusart92 · first_building Castle |
| 24:44 | SharkAoE · wall_segment Stone Wall x1 |
| 25:53 | 我是你大飞哥 · first_market_buy 100 wood |
| 25:53 | Matzeking · age_up imperial |
| 26:01 | Matzeking · first_building Siege Workshop |
| 26:13 | XERSVIRUS · wall_segment Palisade Wall x1 |
| 26:34 | Matzeking · first_market_buy 100 stone |
| 26:55 | 我是你大飞哥 · age_up imperial |
| 27:15 | jusart92 · first_building Siege Workshop |
| 27:26 | XERSVIRUS · first_building Stable |
| 27:44 | jusart92 · age_up imperial |
| 27:46 | ThedissapointedInvader · first_building Siege Workshop |
| 28:08 | SharkAoE · wall_segment Stone Wall x1 |
| 28:10 | SharkAoE · wall_segment Stone Wall x5 |
| 28:11 | SharkAoE · wall_segment Stone Wall x1 |
| 28:19 | Bug ee · wall_segment Stone Wall x1 |
| 28:20 | 我是你大飞哥 · first_market_sell 100 food |
| 29:36 | ThedissapointedInvader · first_building Castle |
| 29:40 | 我是你大飞哥 · first_building Archery Range |
| 29:47 | Bug ee · age_up imperial |
| 30:01 | XERSVIRUS · age_up imperial |
| 31:02 | Bug ee · wall_segment Stone Wall x1 |
| 31:04 | Bug ee · wall_segment Stone Wall x1 |
| 31:09 | Bug ee · wall_segment Stone Wall x1 |
| 31:13 | SharkAoE · age_up imperial |
| 31:27 | Matzeking · first_building Castle |
| 34:28 | Zain · wall_segment Stone Wall x1 |
| 34:33 | Zain · wall_segment Stone Wall x30 |
| 34:53 | 我是你大飞哥 · wall_segment Stone Wall x17 |
| 35:06 | Matzeking · first_building Archery Range |
| 36:21 | 我是你大飞哥 · wall_segment Stone Wall x6 |
| 36:32 | XERSVIRUS · first_building Barracks |
| 36:55 | Bug ee · first_building Siege Workshop |
| 36:59 | 我是你大飞哥 · resign |
| 38:35 | ThedissapointedInvader · first_building Monastery |
[ ANÁLISIS IA · 1 CRÉDITO ]
¿Qué pasó realmente en esta partida?
Wolo.gg analiza cada decisión: build order, eco, micro, errores típicos por bracket. Análisis personalizado por WhatsApp o Discord en 30 segundos.
Guía civ
Vikingos
Guía mapa
Fortress
Perfil
Jugador #221188